 Dungeon Crawl Stone Soup version 0.28.0-62-gf88900778d (webtiles) character file.

Game seed: 7273457386807799731

120998 TittyCrusher the Arsonist (level 16, -6/135 HPs)
             Began as a Black Draconian Conjurer on May 12, 2023.
             Was the Champion of Vehumet.
             Mangled by a tentacle (11 damage)
             ... attached to a kraken
             ... on level 4 of the Shoals on May 17, 2023.
             The game lasted 02:27:41 (36699 turns).

TittyCrusher the Arsonist (DrCj)                   Turns: 36699, Time: 02:27:43

Health: -6/135     AC: 16    Str: 10    XL:     16   Next: 31%
Magic:  11/32      EV: 16    Int: 33    God:    Vehumet [******]
Gold:   968        SH:  9    Dex: 12    Spells: 1/39 levels left

rFire   . . .      SeeInvis +   a - staff of conjuration
rCold   . . .      Faith    +   m - +3 buckler
rNeg    . . .      Spirit   .   (armour unavailable)
rPois   .          Reflect  .   (helmet restricted)
rElec   +          Harm     .   T - scarf {repulsion}
rCorr   .          Rampage  .   I - +2 pair of gloves
Will    +....                   O - +2 pair of boots
Stlth   ++........              k - amulet of faith
HPRegen 0.32/turn               e - +6 ring of intelligence
MPRegen 0.23/turn               z - ring of the Octopus King {AC+1 EV+1 Str+1 Int+1 Dex+1 SInv}

@: flying, repel missiles
A: breathe lightning, AC +9, unfitting armour, big wings, electricity
resistance, cold-blooded
a: Breathe Lightning, Renounce Religion


You were on level 4 of the Shoals.
You worshipped Vehumet.
Vehumet was exalted by your worship.
You visited 5 branches of the dungeon, and saw 28 of its levels.
You also visited: Bailey.

You collected 2800 gold pieces.
You spent 1832 gold pieces at shops.

Inventory:

Hand Weapons
 b - the +8 whip "Snakebite" {venom, curare, rPois}
   (You found it on level 5 of the Lair of Beasts)

   It poisons the flesh of those it strikes.
   It occasionally inflicts asphyxiating poison on those it strikes, dealing
   poison damage and causing slowness.
   rPois:     It protects you from poison.
 Z - the +1 spear "Politz" {pain, rF+ Int-5 Dex+5}
   (You found it on level 4 of the Lair of Beasts)

   In the hands of one skilled in necromantic magic, it inflicts extra damage on
   living creatures.
   Int:       It affects your intelligence (-5).
   Dex:       It affects your dexterity (+5).
   rF:        It protects you from fire.
Missiles
 j - 732 stones
 r - 4 throwing nets
 s - 5 boomerangs of dispersal
Armour
 m - a +3 buckler (worn)
 H - a +2 cloak
 I - a +2 pair of gloves (worn)
 O - a +2 pair of boots (worn)
 T - a scarf of repulsion (worn)
Magical Staves
 a - a staff of conjuration (weapon)
 V - a staff of death
Jewellery
 c - an amulet of regeneration
 e - a +6 ring of intelligence (left hand)
 h - an amulet of reflection
 k - an amulet of faith (around neck)
 o - the ring "Utuvowaita" {Will+ rCorr Str-2 Int+4}
   (You bought it in a shop on level 2 of the Orcish Mines)

   [ring of resist corrosion]

   Str:       It affects your strength (-2).
   Int:       It affects your intelligence (+4).
   rCorr:     It protects you from acid and corrosion.
   Will:      It increases your willpower.
 v - a ring of wizardry
 w - a +4 ring of evasion
 z - a ring of the Octopus King (right hand) {AC+1 EV+1 Str+1 Int+1 Dex+1 SInv}
   (You found it on level 6 of the Lair of Beasts)

   [ring of see invisible]

   AC:        It affects your AC (+1).
   EV:        It affects your evasion (+1).
   Str:       It affects your strength (+1).
   Int:       It affects your intelligence (+1).
   Dex:       It affects your dexterity (+1).
   SInv:      It lets you see invisible.
 G - a ring of protection from cold
 M - a ring of poison resistance
 X - an amulet of magic regeneration
Wands
 y - a wand of digging (6)
 B - a wand of flame (43)
 F - a wand of acid (7)
 N - a wand of paralysis (15)
 W - a wand of iceblast (6)
Scrolls
 f - 7 scrolls of amnesia
 n - 14 scrolls of teleportation
 p - a scroll of immolation
 q - 8 scrolls of fear
 u - 3 scrolls of magic mapping
 A - a scroll of holy word
 C - 4 scrolls of vulnerability
 D - 3 scrolls of blinking
 E - 2 scrolls of fog
 P - a scroll of summoning
Potions
 d - 12 potions of curing
 g - 3 potions of brilliance
 i - a potion of resistance
 l - 4 potions of might
 t - 3 potions of haste
 x - 3 potions of mutation
 J - 5 potions of invisibility
 K - 3 potions of attraction
 L - 5 potions of lignification
 Q - 6 potions of magic
 U - 8 potions of ambrosia
 Y - 7 potions of heal wounds
Miscellaneous
 R - a condenser vane
 S - a tin of tremorstones (2/2)


   Skills:
 - Level 10.5 Fighting
 - Level 10.0 Dodging
 - Level 1.7 Stealth
 - Level 7.7 Shields
 - Level 12.0 Spellcasting
 + Level 14.1 Conjurations
 - Level 4.1 Hexes
 - Level 2.9 Translocations
 + Level 14.1 Fire Magic
 - Level 10.4 Air Magic
 - Level 2.2 Evocations


You had one spell level left.
You knew the following spells:

 Your Spells              Type           Power      Damage    Failure   Level
a - Magic Dart            Conj           100%       1d8       0%          1
b - Fireball              Conj/Fire      53%        3d21      1%          5
c - Dazzling Flash        Conj/Hex       100%       N/A       1%          3
d - Fulminant Prism       Conj/Hex       44%        3d20      1%          4
e - Iskenderun's Mystic   Conj/Tloc      85%        2d17      1%          4
f - Lightning Bolt        Conj/Air       50%        1d71      1%          5
g - Freezing Cloud        Conj/Ice/Air   42%        6-21      1%          5
h - Iskenderun's Battles  Conj           100%       2d15      1%          5
i - Conjure Ball Lightni  Conj/Air       50%        3x3d17    1%          6

Your spell library contained the following spells:

 Spells                   Type           Power      Damage    Failure   Level
 Iron Shot                Conj/Erth      39%        9d8       7%          6
 Sandblast                Erth           38%        2d10      1%          1
 Summon Small Mammal      Summ           76%        N/A       2%          1
 Searing Ray              Conj           100%       2d8       0%          2
 Corpse Rot               Necr/Air       100%       N/A       1%          2
 Static Discharge         Conj/Air       100%       N/A       1%          2
 Portal Projectile        Hex/Tloc       86%        N/A       1%          3
 Stone Arrow              Conj/Erth      100%       3d13      1%          3
 Sticky Flame             Conj/Fire      100%       2d11      1%          4
 Gell's Gravitas          Tloc           39%        N/A       2%          3
 Lesser Beckoning         Tloc           39%        N/A       2%          3
 Teleport Other           Tloc           39%        N/A       2%          3
 Orb of Destruction       Conj           53%        9d13      2%          7
 Summon Guardian Golem    Hex/Summ       33%        N/A       3%          3
 Summon Lightning Spire   Summ/Air       53%        N/A       3%          4
 Passwall                 Tmut/Erth      15%        N/A       4%          2
 Call Canine Familiar     Summ           19%        N/A       9%          3
 Ozocubu's Armour         Ice            19%        N/A       9%          3
 Leda's Liquefaction      Hex/Erth       16%        N/A       12%         4
 Dispel Undead            Necr           19%        3d11      28%         4
 Summon Ice Beast         Ice/Summ       19%        N/A       28%         4
 Spellforged Servitor     Conj/Summ      39%        N/A       32%         7
 Metabolic Englaciation   Hex/Ice        16%        N/A       34%         5
 Summon Mana Viper        Hex/Summ       33%        N/A       34%         5
 Maxwell's Capacitive Co  Air            36%        ∞         52%         8
 Storm Form               Tmut/Air       26%        N/A       96%         7
 Death Channel            Necr           9%         N/A       99%         6
 Simulacrum               Ice/Necr       9%         N/A       99%         6
 Monstrous Menagerie      Summ           9%         N/A       100%        7


Dungeon Overview and Level Annotations

Branches:
Dungeon (15/15)            Temple (1/1) D:5            Lair (6/6) D:11
 Shoals (4/4) Lair:4        Snake (0/4) Lair:2        Slime (0/5) Lair:5
    Orc (2/2) D:11            Elf (0/3) Orc:2        Vaults (0/5) D:13
 Depths (0/4) D:15         Bailey (visited)

Altars:
Ashenzari
Cheibriados
Dithmenos
Elyvilon
Fedhas
Gozag
Hepliaklqana
Makhleb
Nemelex Xobeh
Okawaru
Ru
Sif Muna
Uskayaw
Vehumet
Wu Jian
Yredelemnul
Zin
The Shining One
Beogh

Shops:
D:1 [   D:4 ?   D:6 (   D:7 (   Orc:1 [   Orc:2 ([=*   Shoals:1 **

Annotations:
D:14 exclusion: downstairs
Lair:4 exclusion: downstairs
Lair:5 exclusion: downstairs, Rupert


Innate Abilities, Weirdness & Mutations

You can breathe wild blasts of lightning.
Your glossy black scales are hard. (AC +9)
You cannot fit into any form of body armour.
Your large and strong wings let you fly.
You are resistant to electric shocks. (rElec)
You are cold-blooded and may be slowed by cold attacks.


Message History

Unknown command.
Casting: Fireball (safe; 1% risk of failure)
Confirm with . or Enter, or press ? or * to list all spells.
Aiming: Fireball (safe; 1% risk of failure)
Press: ? - help, Shift-Dir - straight line You feel a surge of power!
The fireball explodes!
The fireball engulfs the faun!!
You kill the faun!
Vehumet accepts your kill.
You feel your power returning.
The fireball engulfs the wind drake!!
The wind drake is severely wounded.
The satyr shoots a sling bullet.
The sling bullet misses you.
Unknown command.
Unknown command.
Unknown command.
The tentacle slaps you! The tentacle misses you. The tentacle slaps you.
The wind drake exhales a fierce blast of wind!
You stop ascending the stairs.
You are blown backwards!
A tentacle segment bursts forth from the water. x5
You are no longer terrified.
The tentacle slaps you! The tentacle slaps you!!
The tentacle slaps you but does no damage.
The wind drake flaps its wings at you. The air twists around and strikes you.
Unknown command.
Unknown command.
Unknown command.
As you read the scroll of fear, it crumbles to dust.
You assume a fearsome visage.
The tentacle is unaffected. x4
The tentacle segment is unaffected. x5; The kraken easily resists.
The wind drake looks frightened!
The snapping turtle looks frightened!
The tentacle completely misses you. You block the tentacle's attack.
The tentacle slaps you!
* * * LOW HITPOINT WARNING * * *
The tentacle slaps you!!
* * * LOW HITPOINT WARNING * * *
The tentacle slaps you.
* * * LOW HITPOINT WARNING * * *
The tentacle closely misses you. The tentacle slaps you!
You die...

≈≈≈≈≈≈≈≈≈≈≈≈PP
≈≈≈≈≈≈≈≈≈≈≈≈P# .=
≈≈≈≈≈≈≈≈≈≈≈≈.# ...
≈≈≈≈≈≈≈X≈≈≈..##≈..
..≈≈≈≈≈≈≈≈.≈≈#..$.
..≈≈≈≈≈≈≈*.≈..(...
≈≈≈≈≈≈≈≈w││..†..(.
≈.≈≈≈..@w││..)....
..≈≈≈..ww/<.......
..≈≈..#.V...).....
..≈≈..#..((.......
..≈≈.......t..k...
#.≈...............
...≈.
..≈....#.......$≈.
..≈≈.
.≈.....#####.).$..
..≈≈≈ c## ...§≈≈
≈≈≈≈≈


You could see a kraken, a snapping turtle (fleeing), a wind drake (repels
missiles, fleeing) and 4 tentacles.

Vanquished Creatures
  Ilsuiw (Shoals:2)
  An ettin (D:15)
  3 merfolk javelineers (Shoals:2)
  4 merfolk impalers
  The ghost of nerdsy the Protected, a journeyman DDFi (D:11)
  A vault guard (D:13)
  4 centaur warriors
  10 hydras
  6 two-headed ogres
  4 boulder beetles
  3 death knights
  A satyr (Shoals:3)
  An alligator snapping turtle (Shoals:2)
  4 merfolk avatars
  3 tengu warriors (D:15)
  6 death yaks (Lair:4)
  An orc high priest (Orc:2)
  A hell knight (D:15)
  12 sea snakes
  A deep troll (D:15)
  A swamp dragon (Lair:6)
  2 phantasmal warriors (D:15)
  11 harpies
  2 orc knights (Orc:1)
  4 deep elf pyromancers
  A necromancer (D:15)
  A wizard (D:15)
  8 oklob plants
  5 orc sorcerers (Orc:2)
  8 fauns
  3 cyclopes
  6 elephants (Lair:6)
  10 manticores
  A torpor snail (Lair:3)
  4 merfolk sirens
  A gargoyle (D:11)
  4 water nymphs
  14 cane toads
  3 black mambas
  Maggie (D:7)
  2 kobold demonologists
  2 unseen horrors
  3 rime drakes
  11 komodo dragons
  A komodo dragon (shapeshifter) (D:15)
  An efreet (D:15)
  5 freezing wraiths
  3 tengu conjurers
  3 meliai (D:14)
  2 polar bears
  A queen bee (Lair:3)
  4 trolls
  3 hornets
  7 wind drakes
  25 merfolk
  A raiju (shapeshifter) (D:14)
  8 snapping turtles
  23 blink frogs
  A shadow (D:10)
  2 wyverns
  2 water elementals
  6 wraiths
  A vampire (D:10)
  55 yaks
  A human (D:9)
  8 basilisks
  3 vampire mosquitoes (D:13)
  A steam dragon (D:8)
  5 swamp worms (Lair:2)
  3 wargs
  3 nagas (Lair:2)
  16 water moccasins
  An acid dragon (D:10)
  2 ice beasts
  26 orc warriors
  2 black bears (D:4)
  4 necrophages (D:10)
  A hornet zombie (D:3)
  11 ogres
  3 wolves (Lair:2)
  7 centaurs
  A kobold brigand (D:10)
  12 bullfrogs
  2 wyvern zombies
  A wyvern skeleton (D:7)
  24 killer bees (Lair:3)
  A water moccasin skeleton (D:7)
  8 wights
  2 electric eels (D:12)
  4 howler monkeys
  7 centaur zombies
  2 hounds
  A jelly (D:6)
  4 bullfrog skeletons
  A human zombie (D:10)
  13 orc priests
  A gnoll shaman (D:10)
  3 iron imps (D:3)
  3 iguanas (D:5)
  30 orc wizards
  3 mummies (D:10)
  A howler monkey skeleton (D:4)
  A howler monkey zombie (D:10)
  6 adders
  2 shadow imps
  3 white imps
  An ufetubus (D:5)
  2 worms (D:2)
  7 dart slugs
  85 orcs
  5 ball pythons
  5 endoplasms
  5 giant cockroaches
  10 goblins
  8 hobgoblins
  9 jackals
  10 kobolds
  3 training dummies (D:7)
  5 bats
  2 frilled lizards
  3 rats
  13 briar patches (Lair:2)
  A bush (Lair:6)
737 creatures vanquished.

Vanquished Creatures (collateral kills)
  3 ball lightnings (Shoals:2)
3 creatures vanquished.

Vanquished Creatures (others)
  A harpy (Shoals:4)
  85 ball lightnings
  55 fulminant prisms
  44 fungi
  327 plants
  4 tentacles (Shoals:4)
516 creatures vanquished.

Grand Total: 1256 creatures vanquished

Notes
Turn   | Place    | Note
-------+----------+-------------------------------------------
     0 | D:1      | TittyCrusher the Draconian Conjurer began the quest for the
                  | Orb.
     0 | D:1      | Reached XP level 1. HP: 14/14 MP: 3/3
   475 | D:1      | Found Dauk's Armour Shop.
   503 | D:1      | Reached XP level 2. HP: 20/20 MP: 1/5
   506 | D:1      | Learned a level 2 spell: Searing Ray
  1404 | D:1      | Found a faded altar of an unknown god.
  1460 | D:2      | Reached XP level 3. HP: 26/26 MP: 3/7
  1501 | D:2      | Learned a level 3 spell: Dazzling Flash
  2584 | D:2      | Reached XP level 4. HP: 22/33 MP: 1/10
  2847 | D:2      | Learned a level 4 spell: Fulminant Prism
  2954 | D:2      | Reached skill level 1 in Hexes
  3331 | D:3      | Reached XP level 5. HP: 38/38 MP: 7/11
  3601 | D:3      | Noticed an ogre
  3614 | D:3      | Killed an ogre
  3615 | D:3      | Reached XP level 6. HP: 45/45 MP: 5/12
  3739 | D:3      | Found a burning altar of Makhleb.
  4072 | D:3      | Reached skill level 5 in Conjurations
  4375 | D:3      | Identified the +1 ring mail of Opherick {rC+ Will+}
  4680 | D:4      | Found Ficas's Magic Scroll Emporium.
  4687 | D:4      | Bought a scroll of fear for 42 gold pieces
  4687 | D:4      | Bought a scroll of fear for 42 gold pieces
  4954 | D:4      | Your scales start taking on a glossy black colour.
  4954 | D:4      | Reached XP level 7. HP: 50/50 MP: 3/13
  4954 | D:4      | Gained mutation: You are resistant to electric shocks.
                  | (rElec) [Black Draconian growth]
  5917 | D:4      | Learned a level 4 spell: Iskenderun's Mystic Blast
  5943 | D:5      | Entered Level 5 of the Dungeon
  5957 | D:5      | Reached skill level 1 in Translocations
  6107 | D:5      | Found a white marble altar of Elyvilon.
  6163 | D:5      | Reached XP level 8. HP: 57/57 MP: 3/14
  6935 | D:5      | Reached skill level 5 in Spellcasting
  7041 | D:5      | Found a staircase to the Ecumenical Temple.
  7077 | Temple   | Entered the Ecumenical Temple
  7105 | Temple   | Became a worshipper of Vehumet
  7264 | D:5      | Found an iron altar of Okawaru.
  7644 | D:6      | Found a sparkling altar of Nemelex Xobeh.
  7712 | D:6      | Learned a level 5 spell: Lightning Bolt
  7798 | D:6      | Found Bubrurau's Antique Weapon Emporium.
  8571 | D:7      | Found an opulent altar of Gozag.
  8665 | D:7      | Found Enedgh's Firing Range.
  8742 | D:4      | Bought a scroll of identify for 24 gold pieces
  8742 | D:4      | Bought a scroll of summoning for 114 gold pieces
  8742 | D:4      | Bought a scroll of identify for 24 gold pieces
  8828 | D:7      | Reached * piety under Vehumet
  8828 | D:7      | Offered knowledge of Shock by Vehumet.
  8928 | D:7      | Reached skill level 1 in Air Magic
  8928 | D:7      | Reached XP level 9. HP: 62/62 MP: 13/19
  8973 | D:7      | Noticed Maggie
  8998 | D:7      | Killed Maggie
  9367 | D:7      | Reached skill level 5 in Air Magic
 10020 | D:8      | Found a hide-covered altar of Uskayaw.
 10642 | D:9      | Found a flagged portal.
 10646 | D:9      | Offered knowledge of Sandblast by Vehumet.
 10668 | Bailey   | Entered a bailey
 10674 | Bailey   | Reached ** piety under Vehumet
 10830 | D:9      | Noticed a troll
 10840 | D:9      | Killed a troll
 10841 | D:9      | Reached XP level 10. HP: 69/69 MP: 16/21
 11049 | D:9      | Found a glowing silver altar of Zin.
 11108 | D:9      | Noticed a manticore
 11115 | D:9      | Killed a manticore
 11357 | D:9      | Found a glowing golden altar of the Shining One.
 11547 | D:10     | Entered Level 10 of the Dungeon
 11811 | D:10     | Offered knowledge of Inner Flame by Vehumet.
 11992 | D:10     | Found an ornate altar of the Wu Jian Council.
 12041 | D:10     | Found a broken altar of Ashenzari.
 12208 | D:10     | Reached skill level 10 in Spellcasting
 12454 | D:10     | Reached *** piety under Vehumet
 12479 | D:10     | Reached XP level 11. HP: 74/74 MP: 4/26
 13043 | D:10     | Found a sacrificial altar of Ru.
 13211 | D:10     | Found a basalt altar of Yredelemnul.
 13243 | D:10     | Offered knowledge of Mephitic Cloud by Vehumet.
 13759 | D:11     | Noticed a two-headed ogre
 13763 | D:11     | Killed a two-headed ogre
 13770 | D:11     | Reached **** piety under Vehumet
 13782 | D:11     | Reached skill level 10 in Air Magic
 13790 | D:11     | Offered knowledge of Freezing Cloud by Vehumet.
 13813 | D:11     | Learned a level 5 spell: Freezing Cloud
 13857 | D:11     | Noticed a two-headed ogre
 13861 | D:11     | Killed a two-headed ogre
 13979 | D:11     | Found a staircase to the Orcish Mines.
 14142 | D:11     | Reached skill level 1 in Fighting
 14450 | D:11     | Found a staircase to the Lair.
 14755 | Lair:1   | Entered Level 1 of the Lair of Beasts
 15080 | Lair:1   | Reached skill level 5 in Fighting
 15536 | Lair:1   | Reached XP level 12. HP: 100/100 MP: 26/28
 15916 | Lair:2   | Noticed a five-headed hydra
 15921 | Lair:2   | Killed a five-headed hydra
 16070 | Lair:2   | Found a gate leading to a gauntlet.
 16098 | Lair:2   | Reached ***** piety under Vehumet
 16104 | Lair:2   | Offered knowledge of Fireball by Vehumet.
 16135 | Lair:2   | Found a staircase to the Snake Pit.
 16142 | Lair:2   | Noticed an eight-headed hydra
 16149 | Lair:2   | Killed an eight-headed hydra
 16300 | Lair:2   | Reached skill level 10 in Fighting
 16354 | Lair:2   | Found a transporter.
 16519 | Lair:2   | Identified a scroll of acquirement
 16653 | Lair:2   | Learned a level 5 spell: Fireball
 16714 | Lair:2   | Found a transporter.
 17619 | Lair:2   | Identified the +2 pair of gloves "Sig Lyudgh" {Str+7 Dex-2}
 18165 | Lair:3   | Reached skill level 5 in Dodging
 18244 | Lair:3   | Found a burning altar of Makhleb.
 19232 | Lair:4   | Identified the +1 spear "Politz" {pain, rF+ Int-5 Dex+5}
 19239 | Lair:4   | Noticed a four-headed hydra
 19246 | Lair:4   | Killed a four-headed hydra
 19331 | Lair:4   | Reached XP level 13. HP: 111/114 MP: 18/29
 19652 | Lair:4   | Found a staircase to the Shoals.
 19693 | Lair:4   | Offered knowledge of Yara's Violent Unravelling by Vehumet.
 20149 | Lair:4   | Reached skill level 1 in Shields
 20537 | Lair:5   | Acquired a staff of conjuration
 20709 | Lair:5   | Found a staircase to the Slime Pits.
 20900 | Lair:5   | Reached skill level 5 in Shields
 22108 | Lair:5   | Noticed Rupert
 22111 | Lair:5   | Paralysed by Rupert for 6 turns
 22580 | Lair:5   | Found the +8 whip "Snakebite" {venom, curare, rPois}
 22654 | Lair:6   | Entered Level 6 of the Lair of Beasts
 23034 | Lair:4   | Reached skill level 10 in Dodging
 23252 | Lair:6   | Reached skill level 1 in Fire Magic
 23483 | Lair:6   | Offered knowledge of Iskenderun's Battlesphere by Vehumet.
 23484 | Lair:6   | Gained mutation: Your large and strong wings let you fly.
                  | [Black Draconian growth]
 23484 | Lair:6   | Reached XP level 14. HP: 98/122 MP: 23/30
 23712 | Lair:6   | Learned a level 5 spell: Iskenderun's Battlesphere
 23745 | Lair:6   | Reached skill level 5 in Fire Magic
 24276 | Lair:6   | Found the ring of the Octopus King
 24281 | Lair:6   | Found the +0 pair of fencer's gloves {Riposte Dex+3}
 24289 | Lair:6   | Identified a ring of the Octopus King {AC+1 EV+1 Str+1
                  | Int+1 Dex+1 SInv}
 24816 | D:12     | Found an ornate altar of the Wu Jian Council.
 24845 | D:12     | You are sucked into a shaft and drop 1 floor!
 25497 | D:12     | Found a runed translucent door.
 25498 | D:12     | Noticed nerdsy's ghost (journeyman DDFi)
 25700 | D:11     | Killed nerdsy's ghost
 26384 | D:13     | Offered knowledge of Lee's Rapid Deconstruction by Vehumet.
 26994 | D:13     | Found a gate to the Vaults.
 27502 | D:14     | Reached skill level 10 in Fire Magic
 28274 | D:15     | Entered Level 15 of the Dungeon
 28501 | D:15     | Reached skill level 10 in Conjurations
 28687 | D:15     | Reached XP level 15. HP: 128/128 MP: 7/31
 29192 | D:15     | Identified the +1 robe of Boredom {+Inv rF+ Str-4 Int+4}
 29517 | D:15     | Found a staircase to the Depths.
 30011 | Orc:1    | Entered Level 1 of the Orcish Mines
 30213 | Orc:1    | Found Tiucrual's Antique Armour Boutique.
 30640 | Orc:2    | Entered Level 2 of the Orcish Mines
 31190 | Orc:2    | Reached ****** piety under Vehumet
 31395 | Orc:2    | Offered knowledge of Conjure Ball Lightning by Vehumet.
 31414 | Orc:1    | Learned a level 6 spell: Conjure Ball Lightning
 31623 | Orc:2    | Found a staircase to the Elven Halls.
 31690 | Orc:2    | Found Qireff's Weapon Shoppe.
 31690 | Orc:2    | Found Seluehocw's Assorted Antiques.
 31690 | Orc:2    | Found Juesuiri's Jewellery Emporium.
 31699 | Orc:2    | Found Odud's Armour Shoppe.
 31705 | Orc:2    | Bought the ring "Utuvowaita" {Will+ rCorr Str-2 Int+4} for
                  | 478 gold pieces
 32029 | Orc:2    | Bought a scroll of fear for 119 gold pieces
 32029 | Orc:2    | Bought a runed sapphire ring for 170 gold pieces
 32029 | Orc:2    | Bought a scroll of fear for 119 gold pieces
 32211 | Shoals:1 | Entered Level 1 of the Shoals
 32214 | Shoals:1 | Found Dasotz's Specific Store.
 32575 | Shoals:1 | Identified the +10 flail of a volcano {vorpal, Fly rN+
                  | Int-3}
 32577 | Shoals:1 | Found Neupolirch's General Store.
 32741 | Shoals:1 | Bought a scroll of identify for 20 gold pieces
 32746 | Shoals:1 | Bought a condenser vane for 440 gold pieces
 32746 | Shoals:1 | Bought a potion of heal wounds for 55 gold pieces
 32746 | Shoals:1 | Bought a potion of magic for 88 gold pieces
 32804 | Shoals:1 | Found Breteudubu's Bounteous Boutique.
 32865 | Shoals:1 | Bought a scroll of blinking for 97 gold pieces
 32882 | Shoals:1 | Reached skill level 1 in Evocations
 34221 | Shoals:2 | Offered knowledge of Eringya's Noxious Bog by Vehumet.
 34233 | Shoals:2 | Noticed Ilsuiw
 34241 | Shoals:2 | Killed Ilsuiw
 35736 | Shoals:3 | Reached XP level 16. HP: 135/135 MP: 23/32
 36239 | Shoals:4 | Entered Level 4 of the Shoals
 36252 | Shoals:4 | Noticed a kraken
 36597 | Shoals:4 | Offered knowledge of Iron Shot by Vehumet.
 36699 | Shoals:4 | HP: 5/135 [tentacle[a kraken] (6)]
 36699 | Shoals:4 | Mangled by a tentacle

Illustrated notes

Levels and vault maps discovered:
D:1:      sevenhm_arrival_forest_fort_large_4, layout_loops_corners,
          serial_glass, glass_columns_a, glass_columns_a,
          shapermc_ecumenical_altar_petra, serial_shops,
          nicolae_shop_advertising_works [nicolae_subvault_shop_adworks],
          hangedman_decor_slide_cut
D:2:      cheibrodos_pilgrimage, layout_basic, serial_curves, eino_curves_03,
          eino_curves_01, eino_curves_01, minmay_misc_feat_four_crosses
D:3:      layout_basic, demons_altar, st_stairs_12
D:4:      layout_cave_pods, serial_shops, shop_statue, minivault_4,
          minmay_quantized
D:5:      minmay_general_purpose_star, layout_basic,
          mainiacjoe_overflow_tiny_flanked, kennysheep_mini_moat, temple_pool_b,
          serial_bayou, serial_bayou_pond_d, serial_bayou_lagoon_a,
          serial_bayou_pond_e, serial_bayou_shore_b
D:6:      layout_basic, nemelex_altar_shiori, serial_shops, nicolae_square_shop
D:7:      layout_loops_ring, mainiacjoe_overflow_paths,
          nicolae_shop_firing_range, uniq_maggie
D:8:      layout_basic, eat_drink_and_be_merry_uskayaw
D:9:      layout_roguey, zin_treasury, tso_metal_star, enter_bailey_5,
          minmay_microvault
D:10:     layout_basic, lemuel_mausoleum_altar_yredelemnul,
          mainiacjoe_overflow_catwalk, lemuel_tele_altar,
          nicolae_ru_path_of_blood, minmay_alternating_orb
D:11:     layout_loops_cross, david_lair_shrubbed, david_orc_5
D:12:     layout_cross, ebering_ghost_reflecting_pool, kennysheep_crisscross,
          pdpol_wu_jian_five_deadly_venoms
D:13:     layout_irregular_city, david_vaults_5
D:14:     layout_irregular_city
D:15:     hangedman_depths_entry_civil_slaughter, layout_stronghold,
          chequers_mini_garden
Temple:   compressed_dpeg_circular_temple
Lair:1:   layout_hall_layers, st_stairs_13
Lair:2:   gammafunk_worm_tunnel, layout_loops_ring,
          minmay_snake_entry_guardpost_small, gauntlet_entry_generic
Lair:3:   layout_cave_pods, special_room [special_room_bee], lemuel_oklob_altar
Lair:4:   layout_cave_pods, minmay_shoals_entry_centaurs
Lair:5:   minmay_guarded_unrand_snakebite, layout_cave_pods,
          minmay_slime_entry_oklob_open, chequers_serial_rivers_small_3,
          kennysheep_basilisk_garden, uniq_rupert
Lair:6:   gammafunk_lair_ancient_temple, layout_regular_city,
          hibernation_bobbens
Shoals:1: layout_shoals, nicolae_alphabet_shops, nicolae_specific_store
Shoals:2: layout_shoals, nicolae_shoals_this_corrosion, uniq_ilsuiw
Shoals:3: layout_shoals
Shoals:4: shoals_end_grunt_garden, layout_shoals, uniq_polyphemus
Orc:1:    layout_caves, serial_shops, shop, basic_altar
Orc:2:    st_orc_mages, layout_diamond_mine

Skill      XL: |  1  2  3  4  5  6  7  8  9 10 11 12 13 14 15 16 |
---------------+-------------------------------------------------+-----
Spellcasting   | 3 4 6 7 11 12 | 12.0
Hexes          | 2 3 4 |  4.1
Conjurations   | 5 7 8 9 10 13 14 | 14.1
Translocations | 2 |  2.9
Air Magic      | 1 8 9 10 | 10.4
Fighting       | 7 10 | 10.5
Dodging        | 7 10 | 10.0
Shields        | 7 |  7.7
Fire Magic     | 3 11 13 14 | 14.1
Evocations     | 2 |  2.2
Stealth        | |  1.7

Action                   |  1- 3 |  4- 6 |  7- 9 | 10-12 | 13-15 | 16-18 || total
-------------------------+-------+-------+-------+-------+-------+-------++-------
Melee: Unarmed           |     9 |       |       |       |       |       ||     9
       Club              |     3 |       |       |       |       |       ||     3
       Tailslap          |     1 |     1 |     2 |    16 |    53 |       ||    73
       Dagger            |       |     6 |       |       |       |       ||     6
       Trident           |       |     5 |     4 |       |       |       ||     9
       Falchion          |       |       |     5 |       |       |       ||     5
       Dire flail        |       |       |       |   109 |    18 |       ||   127
       Staff             |       |       |       |       |   140 |       ||   140
       Whip              |       |       |       |       |     1 |       ||     1
 Cast: Magic Dart        |    58 |    37 |    74 |    29 |    95 |       ||   293
       Searing Ray       |     9 |    20 |    43 |     6 |       |       ||    78
       Fulminant Prism   |       |     6 |    30 |    20 |       |       ||    56
       Lightning Bolt    |       |       |     2 |    52 |    16 |       ||    70
       Iskenderun's Myst |       |       |     1 |       |     6 |     1 ||     8
       Freezing Cloud    |       |       |       |    71 |   157 |       ||   228
       Fireball          |       |       |       |       |   159 |    36 ||   195
       Iskenderun's Batt |       |       |       |       |    37 |       ||    37
       Conjure Ball Ligh |       |       |       |       |    29 |     5 ||    34
 Abil: Breathe Lightning |       |       |     4 |     7 |     1 |       ||    12
Evoke: Wand              |       |       |     2 |     4 |    12 |       ||    18
  Use: Scroll            |       |     7 |    13 |     9 |    13 |     2 ||    44
       Potion            |       |     3 |     1 |     2 |     1 |       ||     7
 Stab: Paralysed         |       |       |       |     2 |       |       ||     2
Armor: Skin              |     7 |    10 |    35 |   137 |    54 |     6 ||   249
Dodge: Dodged            |     8 |    18 |    52 |    88 |    95 |    34 ||   295
       Repelled          |       |       |       |       |     1 |       ||     1
Block: Other             |       |     2 |       |       |       |       ||     2
       Buckler           |       |       |       |       |    50 |    16 ||    66
